cohdb
Replays
Latest Replays
All Replays
Popular Replays
Top Player Replays
Match Explorer
How It Works
Community
CoH3 Stats
Reddit
Sign in to upload your games and track your stats! →
Sign in with Steam
Match 41215219
Unlisted
Match 41215219
Overview
Messages
Build Orders
End
Engineer Squad
Selects Armored Battlegroup
Selects Assault Engineers
Construct Weapon Support Center
M1919 Machine Gun Team
Assault Engineer Squad
Construct Medical Station
M1919 Machine Gun Team
Mechanized Support Center
Selects M31 Recovery Vehicle
Bazooka Squad
Assault Engineer Squad
DRAGLEX
Yormynd
UH|ck
insane
0
0
Comments
sign in to comment!
No comments posted yet!